 Dungeon Crawl Stone Soup version 0.28.0-53-g5a82cb258f (webtiles) character file.

Game seed: 5417246338495466864

479 dranuc9 the Conjurer (level 6, -4/31 (32) HPs)
             Began as a Deep Elf Conjurer on July 6, 2022.
             Slain by a wight
             ... wielding a +2 trident
              (6 damage)
             ... on level 4 of the Dungeon on July 10, 2022.
             The game lasted 00:50:53 (5087 turns).

dranuc9 the Conjurer (Deep Elf Conjurer)            Turns: 5087, Time: 00:50:54

HP:   -4/31 (32)    AC:  2    Str:  4    XL:     6   Next: 86%
MP:   16/16         EV: 13    Int: 25    God:
Gold: 280           SH:  5    Dex: 13    Spells: 13/16 levels left

rFire   . . .      SeeInvis .   w - +4 dagger
rCold   . . .      Faith    .   (no shield)
rNeg    . . .      Spirit   .   a - +0 robe
rPois   .          Reflect  +   k - +0 hat
rElec   .          Harm     .   (no cloak)
rCorr   .          Rampage  .   (no gloves)
Will    .....                   (no boots)
Stlth   ++........              q - amulet of reflection
HPRegen 0.10/turn               m - ring of wizardry
MPRegen 0.15/turn               (no ring)

@: lightly drained
A: no striking features
a: no special abilities


You were on level 4 of the Dungeon.
You visited 1 branch of the dungeon, and saw 4 of its levels.

You collected 280 gold pieces.

Inventory:

Hand Weapons
 o - a +0 hand axe
 t - a +0 dagger
 u - the +7 hunting sling of Sandy Resourcefulness {flame, rN+}
   (You found it on level 3 of the Dungeon)

   Any ammunition fired from it burns those it strikes, dealing additional fire
   damage.
   rN:        It protects you from negative energy.
 w - a +4 dagger (weapon)
Missiles
 h - 8 arrows
 p - a silver boomerang (quivered)
 s - 8 poisoned darts
Armour
 a - a +0 robe (worn)
 k - a +0 hat (worn)
Jewellery
 m - a ring of wizardry (left hand)
 q - an amulet of reflection (around neck)
Wands
 l - a wand of charming (6)
 v - a wand of flame (19)
Scrolls
 b - a scroll of vulnerability {unknown}
 c - a scroll of magic mapping {unknown}
 d - a scroll of amnesia {unknown}
 f - a scroll of blinking {unknown}
 g - a scroll of enchant armour {unknown}
 i - a scroll of identify {unknown}
 j - 2 scrolls of summoning {unknown}
Potions
 e - a potion of might {unknown}
 n - a potion of curing {unknown}
 r - a potion of flight {unknown}


   Skills:
 + Level 0.2 Fighting
 * Level 1.3 Staves
 + Level 3.2 Dodging
 + Level 3.2 Stealth
 + Level 5.5 Spellcasting
 * Level 7.4 Conjurations


You had 13 spell levels left.
You knew the following spells:

 Your Spells              Type           Power      Damage    Failure   Level
a - Magic Dart            Conj           100%       1d8       1%          1
b - Searing Ray           Conj           88%        2d7       1%          2

Your spell library contained the following spells:

 Spells                   Type           Power      Damage    Failure   Level
 Dazzling Flash           Conj/Hex       50%        N/A       1%          3
 Fulminant Prism          Conj/Hex       12%        3d9       7%          4
 Iskenderun's Mystic Bla  Conj/Tloc      25%        2d7       7%          4
 Frozen Ramparts          Ice            12%        1d3       10%         3
 Gell's Gravitas          Tloc           6%         N/A       10%         3
 Teleport Other           Tloc           6%         N/A       10%         3
 Ice Form                 Ice/Tmut       6%         N/A       30%         4
 Summon Ice Beast         Ice/Summ       6%         N/A       30%         4
 Dispersal                Tloc           3%         N/A       99%         6


Dungeon Overview and Level Annotations

Branches:
Dungeon (4/15)
 Temple: D:4-7

Altars:

Shops:
D:2 [**?[


Message History

The searing ray hits the wight.
The wight is severely damaged.
The wight barely misses you.
The searing ray hits the wight.
The wight is severely damaged.
The wight closely misses you.
Without enough magic to sustain it, your searing ray dissipates.
The wight barely misses you. The wight hits you with a +4 dagger!
There is an open door here.
Casting: Searing Ray (safe; 1% risk of failure)
Confirm with . or Enter, or press ? or * to list all spells.
Aiming: Searing Ray (safe; 1% risk of failure)
Press: ? - help, Shift-Dir - straight line, f/p - wight
Aim: a wight, wielding a +4 dagger and wearing a +0 robe (heavily damaged, 82% to hit)
The searing ray hits the wight!
You destroy the wight! (Press . to maintain the ray.)
Things that are here:
a +4 dagger; a +0 robe
w - a +4 dagger
w - a +4 dagger (weapon)
You start resting.
HP restored.
You start resting.
Magic restored.
You see here a +0 robe.
There is an open door here.
There is a stone staircase leading down here.
You climb downwards.
The wight hits you with a +0 great sword!
You feel drained. The wight barely misses you.
The wight hits you with a +0 great sword!
* * * LOW HITPOINT WARNING * * *
There is a stone staircase leading up, spattered with blood here.
The wight hits you with a +0 long sword.
* * * LOW HITPOINT WARNING * * *
The wight barely misses you.
The wight hits you from afar with a +2 trident.
You die...

##### ..... # #.#.#
#. #.#.# ##.#
#.#.## ##...#
#.z@.#
##.....##.z..#..#
#..........z....#
...........[....#
#.................
##.....##....##....
....... .....# ....
............... ...
................


You could see 3 wights.

Vanquished Creatures
  Sigmund (D:3)
  2 wights
  A jelly (D:3)
  Natasha (twice) (D:3)
  Robin (D:2)
  3 adders
  An ufetubus (D:4)
  An adder skeleton (D:4)
  A worm (D:3)
  3 dart slugs
  An orc (D:2)
  11 bats
  6 endoplasms
  4 giant cockroaches
  7 goblins
  12 hobgoblins
  2 jackals (D:3)
  3 quokkas
  8 ball pythons
  A frilled lizard (D:1)
  8 kobolds
  6 rats
85 creatures vanquished.

Vanquished Creatures (collateral kills)
  A kobold (D:2)
1 creature vanquished.

Vanquished Creatures (others)
  Natasha (D:3)
  3 goblins (D:2)
  9 plants (D:3)
13 creatures vanquished.

Grand Total: 99 creatures vanquished

Notes
Turn   | Place    | Note
-------+----------+-------------------------------------------
     0 | D:1      | dranuc9 the Deep Elf Conjurer began the quest for the Orb.
     0 | D:1      | Reached XP level 1. HP: 10/10 MP: 6/6
   176 | D:1      | Reached XP level 2. HP: 15/15 MP: 6/8
   179 | D:1      | Learned a level 2 spell: Searing Ray
   588 | D:1      | Reached skill level 5 in Conjurations
   964 | D:1      | Reached XP level 3. HP: 19/19 MP: 7/9
  1690 | D:2      | Found Kiforch's Antique Armour Emporium.
  1859 | D:2      | Found Maicin's Magic Scroll Shop.
  1924 | D:2      | Found Tiyqumax's General Store.
  1959 | D:2      | Found Liusiheo's Assorted Antiques.
  2098 | D:2      | Noticed Robin
  2411 | D:2      | Reached XP level 4. HP: 24/24 MP: 4/12
  2552 | D:2      | Killed Robin
  2681 | D:2      | Found Gikiu's Armour Shop.
  3009 | D:3      | Noticed Sigmund
  3088 | D:3      | Killed Sigmund
  3089 | D:3      | Reached skill level 1 in Staves
  3089 | D:3      | Reached skill level 6 in Conjurations
  3089 | D:3      | Reached XP level 5. HP: 15/28 MP: 5/14
  3326 | D:3      | Reached XP level 6. HP: 32/32 MP: 12/15
  3481 | D:3      | Noticed Natasha
  3490 | D:3      | Killed Natasha
  3884 | D:3      | Noticed Natasha
  3891 | D:3      | Killed Natasha
  3892 | D:3      | Reached skill level 5 in Spellcasting
  4058 | D:3      | Reached skill level 7 in Conjurations
  4304 | D:3      | Identified the +7 hunting sling of Sandy Resourcefulness
                  | {flame, rN+}
  4344 | D:3      | Noticed Natasha
  4349 | D:3      | Killed Natasha
  5087 | D:4      | Slain by a wight

Illustrated notes

Levels and vault maps discovered:
D:1:      dpeg_arrival_rooms_with_view, layout_basic
D:2:      layout_loops_ring, serial_shops, nicolae_shop_waterfront,
          nicolae_shop_competitors_out_of_business, shop_coins,
          nicolae_shop_behind_doors, nicolae_lakefront_shop,
          minmay_misc_feat_four_crosses, uniq_robin
D:3:      wad_lake_hut, layout_basic, uniq_sigmund, uniq_natasha
D:4:      layout_loops_ring, grunt_dithmenos_smoke, mainiacjoe_overflow_paths,
          nicolae_temple_entry_ecumenical, hangedman_decor_diamond_cutter,
          uniq_pikel

Skill      XL: |  1  2  3  4  5  6 |
---------------+-------------------+-----
Conjurations   | 5 6 7 |  7.4
Spellcasting   | 4 5 |  5.5
Stealth        | 3 |  3.2
Dodging        | 3 |  3.2
Staves         | 1 |  1.3
Fighting       | |  0.2

Action                   |  1- 3 |  4- 6 || total
-------------------------+-------+-------++-------
 Cast: Magic Dart        |    78 |    70 ||   148
       Searing Ray       |     7 |    20 ||    27
Evoke: Wand              |     3 |       ||     3
Armor: Robe              |     1 |     1 ||     2
Dodge: Dodged            |     9 |    15 ||    24
Block: Other             |       |     2 ||     2
       Reflection        |       |     1 ||     1
